 Dungeon Crawl Stone Soup version 0.18.1-6-gd335043 (webtiles) character file.

1087 Lovchig the Skirmisher (level 8, -6/73 HPs)
             Began as a Minotaur Fighter on May 20, 2016.
             Was an Initiate of Fedhas.
             Mangled by M4edhros's ghost (22 damage)
             ... on level 7 of the Dungeon.
             The game lasted 00:14:07 (3508 turns).

Lovchig the Skirmisher (Minotaur Fighter)           Turns: 3508, Time: 00:14:09

Health: -6/73      AC:  6    Str: 23    XL:     8   Next: 9%
Magic:  6/6        EV: 13    Int:  5    God:    Fedhas [......]
Gold:   237        SH:  0    Dex: 10    Spells: 0 memorised, 7 levels left

rFire  . . .     SeeInvis .     a - +0 war axe
rCold  . . .     Gourm    .     u - +0 ring mail
rNeg   . . .     Faith    .     (no shield)
rPois  .         Spirit   .     (helmet restricted)
rElec  .         Dismiss  .     (no cloak)
rCorr  .         Reflect  .     (no gloves)
SustAt .         Harm     .     h - +0 pair of boots
MR     .....                    (no amulet)
Stlth  +.........               (no ring)
                                (no ring)

@: not resistant to hostile enchantments, very unstealthy
A: retaliatory headbutt, horns 2, low mp 1, sense surroundings 1, subdued magic
1
a: Renounce Religion


You were on level 7 of the Dungeon.
You worshipped Fedhas.
Fedhas was noncommittal.
You were hungry.

You visited 1 branch of the dungeon, and saw 8 of its levels.

You collected 372 gold pieces.
You spent 135 gold pieces at shops.

Inventory:

Hand Weapons
 a - a +0 war axe (weapon)
Armour
 h - a +0 pair of boots (worn)
 u - a +0 ring mail (worn)
Jewellery
 b - a cursed ring of teleportation {unknown}
Wands
 l - a wand of enslavement (20/24)
 n - a wand of enslavement (10/24)
Scrolls
 m - a scroll of fog
 y - 3 scrolls of remove curse
 C - a scroll of identify
Potions
 d - 2 potions of might
 j - 2 potions of agility
 k - 3 potions of brilliance
 p - a potion of magic
 q - 2 potions of degeneration
 s - 2 potions of resistance
 v - a potion of haste {unknown}
 w - a potion of cancellation {unknown}
 x - a potion of flight {unknown}
Comestibles
 f - 4 bread rations
 g - 2 meat rations
 o - a beef jerky
 z - 3 fruits
 A - a slice of pizza


   Skills:
 * Level 7.3 Fighting
 * Level 6.7 Axes
 - Level 3.6 Armour
 * Level 5.9 Dodging
 + Level 0.8 Stealth
   Level 3.6 Shields
 + Level 0.3 Evocations


You had 7 spell levels left.
You didn't know any spells.

Dungeon Overview and Level Annotations

Branches:
Dungeon (9/15)
 Temple: D:4-7         Lair: D:8-11         Orc: D:9-12

Altars:
Fedhas
Gozag
The Shining One

Shops:
D:5 !

Annotations:
D:7 M4edhros's ghost, novice FoFi


Innate Abilities, Weirdness & Mutations

You reflexively headbutt those who attack you in melee.
You have a pair of horns on your head.
Your magical capacity is low (-10% MP).
You passively map a small area around you.
Your spells are a little easier to cast, but a little less powerful.


Message History

You slash the giant frog!
You kill the giant frog!
Something barely misses you.
The centaur shoots an arrow.
The arrow closely misses you.
The centaur shoots an arrow.
The arrow hits you! Something hits you!
* * * LOW HITPOINT WARNING * * *
Deactivating autopickup; reactivate with Ctrl-A.
M4edhros's ghost hits you!
* * * LOW HITPOINT WARNING * * *
The centaur shoots an arrow.
The arrow hits you.
* * * LOW HITPOINT WARNING * * *
Found a stone staircase leading down.
You see here an arrow.
Drink which item? (? for menu, Esc to quit)
You feel better. Something barely misses you.
The centaur shoots an arrow.
The arrow hits you.
* * * LOW HITPOINT WARNING * * *
M4edhros's ghost hits you!!
You die...
Fedhas appreciates your contribution to the ecosystem.

*, #.# ,* *
* #.# , ,
###.## * *
#..%.,, ,
,...c. ,, ,
* #.#.# * ,
, * #.#†#
##.###.#(#
*,, ,, ,
,......W@(#
* *
##.###.###
** ,... , *
###.** * *
* ..* , , ,
.., , ,
,>.. ,,, ,
#.# , * ,


You could see a centaur and M4edhros's ghost.

Vanquished Creatures
  A wyvern (D:8)
  An ice beast (D:8)
  3 ogres
  A big kobold (D:8)
  A giant frog (D:7)
  A crimson imp (D:4)
  2 hounds
  6 orc wizards
  2 orc priests (D:5)
  A worker ant (D:4)
  An adder (D:3)
  A shadow imp (D:5)
  2 oozes (D:2)
  An adder skeleton (D:4)
  2 worms
  A dart slug (D:1)
  12 orcs
  5 giant cockroaches
  5 goblins
  8 hobgoblins
  2 jackals (D:1)
  12 kobolds
  4 quokkas
  A ball python (D:1)
  7 bats
  4 giant newts
  A goblin skeleton (D:4)
  4 goblin zombies (D:4)
  2 hobgoblin zombies (D:4)
  2 kobold skeletons (D:4)
  A kobold zombie (D:4)
  2 orc zombies (D:4)
  5 rats
  A fungus (D:1)
105 creatures vanquished.

Notes
Turn   | Place    | Note
--------------------------------------------------------------
     0 | D:1      | Lovchig the Minotaur Fighter began the quest for the Orb.
     0 | D:1      | Reached XP level 1. HP: 19/19 MP: 0/0
    71 | D:1      | Reached XP level 2. HP: 27/27 MP: 1/1
   113 | D:1      | Reached skill level 1 in Dodging
   119 | D:1      | Reached skill level 4 in Fighting
   493 | D:1      | Reached XP level 3. HP: 33/33 MP: 2/2
  1499 | D:3      | Reached XP level 4. HP: 40/41 MP: 3/3
  1742 | D:4      | Noticed an ogre
  1747 | D:4      | Killed an ogre
  1747 | D:4      | Reached skill level 5 in Fighting
  1747 | D:4      | Reached XP level 5. HP: 48/48 MP: 4/4
  1748 | D:4      | Found a blossoming altar of Fedhas.
  1759 | D:4      | Became a worshipper of Fedhas Madash
  1785 | D:4      | Noticed an ogre
  1793 | D:4      | Killed an ogre
  1793 | D:4      | Reached XP level 6. HP: 35/56 MP: 5/5
  1982 | D:4      | Found a glowing golden altar of the Shining One.
  1989 | D:4      | Reached skill level 5 in Axes
  2111 | D:4      | Found an opulent altar of Gozag.
  2433 | D:4      | Reached skill level 6 in Fighting
  2671 | D:5      | Entered Level 5 of the Dungeon
  2700 | D:5      | Reached XP level 7. HP: 60/64 MP: 6/6
  2831 | D:5      | Found Liuxt's Distillery.
  2848 | D:5      | Bought a potion of heal wounds for 50 gold pieces
  2848 | D:5      | Bought a potion of curing for 30 gold pieces
  2848 | D:5      | Bought a potion of curing for 30 gold pieces
  2848 | D:5      | Bought a potion of mutation for 25 gold pieces
  2867 | D:5      | Gained mutation: You passively map a small area around you. [potion of mutation]
  2867 | D:5      | Gained mutation: Your spells are a little easier to cast, but a little less powerful. [potion of mutation]
  2867 | D:5      | Gained mutation: Your magical capacity is low (-10% MP). [potion of mutation]
  2885 | D:5      | You fall through a shaft for 3 floors!
  2952 | D:8      | Reached skill level 5 in Dodging
  2996 | D:8      | Noticed a wyvern
  3016 | D:8      | Killed a wyvern
  3353 | D:8      | Reached skill level 7 in Fighting
  3497 | D:7      | Noticed M4edhros's ghost (novice FoFi)
  3505 | D:7      | Reached XP level 8. HP: 42/73 MP: 6/6
  3508 | D:7      | Mangled by M4edhros's ghost

Skill      XL: |  1  2  3  4  5  6  7 |
---------------+----------------------+-----
Dodging        | 1 2 3 4 5 |  5.9
Fighting       | 4 5 6 7 |  7.3
Axes           | 3 4 5 6 |  6.7
Armour         | |  3.6
Stealth        | |  0.8
Shields        | |  3.6
Evocations     | |  0.3

Action                   |  1- 3 |  4- 6 |  7- 9 || total
-------------------------+-------+-------+-------++-------
Melee: War axe           |    97 |    79 |    67 ||   243
       Headbutt          |     9 |    15 |    10 ||    34
Evoke: Wand              |       |       |     2 ||     2
  Use: Scroll            |       |    10 |     2 ||    12
       Potion            |       |       |     5 ||     5
  Eat: Chunk             |     2 |     4 |     2 ||     8
Armor: Scale mail        |    54 |       |       ||    54
       Ring mail         |       |    15 |    18 ||    33
Dodge: Dodged            |    64 |    49 |    51 ||   164
